 Dungeon Crawl Stone Soup version 0.28-a0-1616-g050a50673c (webtiles) character file.

Game seed: 17978759303803603297

72 grumblor the Skirmisher (level 4, -13/37 HPs)
             Began as a Djinni Fighter on Jan 23, 2022.
             Mangled by an ogre (23 damage)
             ... on level 3 of the Dungeon.
             The game lasted 00:02:21 (2110 turns).

grumblor the Skirmisher (Djinni Fighter)            Turns: 2110, Time: 00:02:22

Health: -13/37     AC: 12    Str: 17    XL:     4   Next: 48%
Gold:   85         EV:  7    Int:  9    God:
                   SH:  4    Dex: 13

rFire   + + .      SeeInvis .   a - +0 war axe
rCold   x . .      Faith    .   c - +0 buckler
rNeg    . . .      Spirit   .   l - +0 chain mail
rPois   ∞          Reflect  .   j - +1 helmet
rElec   .          Harm     .   i - +0 cloak
rCorr   .          Rampage  .   (no gloves)
Will    .....                   (boots unavailable)
Stlth   ..........              (no amulet)
HPRegen 0.12/turn               (no ring)
MPRegen 0.00/turn               (no ring)

@: mighty, flying
A: sickness immunity, fire resistance 2, cold vulnerability 1, float, innate
caster, hp casting, extra vitality 1
a: no special abilities


You were on level 3 of the Dungeon.
You visited 1 branch of the dungeon, and saw 3 of its levels.

You collected 85 gold pieces.

Inventory:

Hand Weapons
 a - a +0 war axe (weapon)
Armour
 c - a +0 buckler (worn)
 i - a +0 cloak (worn)
 j - a +1 helmet (worn)
 l - a +0 chain mail (worn)
Scrolls
 g - a scroll of enchant armour
Potions
 f - a potion of attraction {unknown}
 h - a potion of magic {unknown}
 k - a potion of haste {unknown}


   Skills:
 * Level 3.7 Fighting
 + Level 2.2 Axes
 + Level 3.3 Armour
 * Level 1.5 Dodging
 + Level 3.2 Shields


You had 2 spell levels left.
You knew the following spells:

 Your Spells              Type           Power      Damage    Failure   Level
a - Beastly Appendage     Tmut           0%         N/A       100%        1
Your spell library was empty.


Dungeon Overview and Level Annotations

Branches:
Dungeon (3/15)

Altars:


Innate Abilities, Weirdness & Mutations

You are immune to sickness and miasma.
You are immune to poison.
Your flesh is very heat resistant. (rF++)
You are vulnerable to cold. (rC-)
You float through the air rather than walking.
You learn spells naturally, not from books.
Your magical power is your life essence.
You have superior vitality. (+4 MHP)


Message History

Done exploring.
No target in view!
Done exploring.
No target in view!
Done exploring.
Done exploring.
Done exploring.
(D) Dungeon
Where to? (Enter - D:2, ? - help)
There is a stone staircase leading down here.
You fly downwards.
You hear the sound of rushing water.
There is an entrance to a sewer on this level.
Hurry and find it before the portal rusts away!
There is a stone staircase leading up here.
An ogre comes into view. It is wielding a +0 giant club.
The ogre shouts!
You slash the ogre!
The ogre is heavily wounded.
The ogre hits you with a +0 giant club.
You hit the ogre but do no damage.
The ogre is heavily wounded.
The ogre barely misses you. You block the ogre's attack.
You barely miss the ogre.
The ogre is moderately wounded.
The ogre hits you with a +0 giant club.
You barely miss the ogre.
The ogre is moderately wounded.
The ogre barely misses you.
You barely miss the ogre.
The ogre is moderately wounded.
The ogre hits you with a +0 giant club!!
Ouch! That really hurt!
* * * LOW HITPOINT WARNING * * *
You are too injured to fight recklessly!
You are too injured to fight recklessly!
Okay, then.
You feel very mighty all of a sudden.
The ogre hits you with a +0 giant club!!
Ouch! That really hurt!
You die...

# #.# .###.. ..#
....######.#
.........#.##
#..........##.#
#........<...#
.#####..........##.#
.............####
#O@.....# #.......#
###.#.### #...#
....# ...... ###...#
#...# .....


You could see an ogre.

Vanquished Creatures
  An adder (D:2)
  An adder skeleton (D:2)
  A worm (D:2)
  A dart slug (D:1)
  6 ball pythons
  3 endoplasms
  A giant cockroach (D:1)
  4 goblins
  A hobgoblin (D:2)
  13 jackals
  6 kobolds
  3 quokkas (D:1)
  2 bats (D:1)
  3 frilled lizards
  3 rats
49 creatures vanquished.

Vanquished Creatures (others)
  A fungus (D:1)
  A plant (D:1)
2 creatures vanquished.

Grand Total: 51 creatures vanquished

Notes
Turn   | Place    | Note
-------+----------+-------------------------------------------
     0 | D:1      | grumblor the Djinni Fighter began the quest for the Orb.
     0 | D:1      | Reached XP level 1. HP: 20/20 MP: 0/0
   373 | D:1      | Reached XP level 2. HP: 23/25 MP: 0/0
   682 | D:1      | Reached XP level 3. HP: 23/30 MP: 0/0
   682 | D:1      | Learned a level 1 spell: Beastly Appendage
   938 | D:1      | Reached skill level 1 in Dodging
  1170 | D:1      | Found a faded altar of an unknown god.
  1430 | D:2      | Reached XP level 4. HP: 34/36 MP: 0/0
  2101 | D:3      | Noticed an ogre
  2110 | D:3      | Mangled by an ogre

Illustrated notes

Levels and vault maps discovered:
D:1:      minmay_arrival_up_and_down, layout_loops_ring,
          shapermc_ecumenical_altar_rom_forum, chequers_jeans
D:2:      layout_loops_ring
D:3:      layout_loops_cross, portal_sewer_entry_d, grunt_ministairs_1,
          minmay_misc_feat_doors, uniq_robin, uniq_sigmund

Skill      XL: |  1  2  3 |
---------------+----------+-----
Dodging        | 1 |  1.5
Axes           | 2 |  2.2
Fighting       | |  3.7
Armour         | |  3.3
Shields        | |  3.2

Action                   |  1- 3 |  4- 6 || total
-------------------------+-------+-------++-------
Melee: War axe           |    94 |    39 ||   133
  Use: Scroll            |     2 |     2 ||     4
       Potion            |       |     1 ||     1
Armor: Scale mail        |    61 |       ||    61
       Chain mail        |    10 |    18 ||    28
Dodge: Dodged            |    54 |    15 ||    69
Block: Buckler           |    26 |     8 ||    34

Table legend: (Time is in decaauts)
 A = Elapsed time spent in this place.
 B = Non-inter-level travel time spent in this place.
 C = Inter-level travel time spent in this place.
 D = Time resting spent in this place.
 E = Time spent auto-exploring this place.
 F = Levels seen in this place.
 G = Mean time per level.
                   A        B        C        D        E       F      G
               +--------+--------+--------+--------+--------+-----+--------+
         Total |   2168 |   2031 |    137 |    250 |   1410 |   3 |  722.7 |
       Dungeon |   2168 |   2031 |    137 |    250 |   1410 |   3 |  722.7 |
               +--------+--------+--------+--------+--------+-----+--------+

Top non-repeatable levels by time:
     D:1: 1254 daAuts
     D:2: 898 daAuts
     D:3: 15 daAuts
